 Dungeon Crawl Stone Soup version 0.31.0-4-g52a2dc7128 (webtiles) character file.

Game seed: 15773574528638892059

1967 gohu the Grappler (level 9, -1/80 HPs)
             Began as a Troll Gladiator on Jan 21, 2024.
             Was an Initiate of Ru.
             Shot with an arrow by a centaur (9 damage)
             ... on level 7 of the Dungeon.
             The game lasted 00:15:06 (3453 turns).

gohu the Grappler (Troll Gladiator)                 Turns: 3453, Time: 00:15:07

Health: -1/80      AC:  8    Str: 28    XL:     9   Next: 0%
Magic:  8/8        EV: 10    Int:  4    God:    Ru [......]
Gold:   262        SH:  0    Dex: 11    Spells: 8/8 levels left

rFire   . .          .
                       - Unarmed
rCold   . . .        (no shield)
rNeg    . . .        a - +0 robe
rPois   .            b - +0 hat
rElec   .            (no cloak)
rCorr   .            (gloves unavailable)
SInv    .            (boots unavailable)
Will    .....        (no amulet)
Stlth   +            x - ring of flight
HPRegen 1.13/turn    u - +4 ring of protection
MPRegen 0.11/turn

%: no passive effects
@: flying
A: large, unfitting armour, claws 3, regeneration 1, shaggy fur 1, tough skin 1
a: Renounce Religion


You were on level 7 of the Dungeon.
You worshipped Ru.
Ru was noncommittal.
You visited 2 branches of the dungeon, and saw 8 of its levels.

You collected 262 gold pieces.

Inventory:

Hand Weapons
 C - a +4 morningstar
Missiles
 c - 2 throwing nets
 d - 5 javelins (quivered)
 e - 13 poisoned darts
 s - 33 stones
Armour
 a - a +0 robe (worn)
 b - a +0 hat (worn)
Jewellery
 l - a ring of wizardry
 u - a +4 ring of protection (right claw)
 x - a ring of flight (left claw)
Wands
 t - a wand of mindburst (2)
 z - a wand of paralysis (4)
Scrolls
 h - 5 scrolls of identify
 k - a scroll of enchant armour {unknown}
 n - a scroll of amnesia {unknown}
 p - a scroll of vulnerability {unknown}
 q - 2 scrolls of teleportation
 r - a scroll of silence {unknown}
 y - a scroll of blinking {unknown}
 A - a scroll of fog {unknown}
Potions
 f - 2 potions of curing {unknown}
 g - 2 potions of mutation {unknown}
 i - 2 potions of heal wounds {unknown}
 j - a potion of attraction {unknown}
 m - 2 potions of magic
 o - a potion of brilliance {unknown}
 v - a potion of haste {unknown}
 w - a potion of invisibility {unknown}
 B - a potion of lignification {unknown}


   Skills:
 + Level 2.4 Fighting
 + Level 2.4 Throwing
 - Level 2.4 Dodging
 * Level 11.7 Unarmed Combat


You had 8 spell levels left.
You didn't know any spells.
Your spell library contained the following spells:

 Spells                   Type           Power      Damage    Failure   Level
 Freeze                   Ice            0%         1d3       50%         1
 Magic Dart               Conj           0%         1d3       50%         1
 Blink                    Tloc           0%         N/A       65%         2
 Call Imp                 Summ           0%         N/A       65%         2
 Frozen Ramparts          Ice            0%         1d1       86%         3
 Hailstorm                Conj/Ice       0%         3d5       86%         3


Dungeon Overview and Level Annotations

Branches:
Dungeon (7/15)             Temple (1/1) D:5

Altars:
Cheibriados
Dithmenos
Elyvilon
Fedhas
Gozag
Hepliaklqana
Kikubaaqudgha
Makhleb
Nemelex Xobeh
Okawaru
Qazlal
Ru
Trog
Uskayaw
Vehumet
Wu Jian
Yredelemnul
The Shining One

Shops:
D:4 *   D:5 (

Annotations:
D:4 Edmund
D:5 Duvessa


Innate Abilities, Weirdness & Mutations

You are too large for most types of armour.
You have claws for hands.
Your natural rate of healing is unusually fast.
You are covered in fur. (AC +1)
You have tough skin. (AC +1)


Message History

a +0 scimitar; a +0 chain mail You claw the orc wizard!
You kill the orc wizard!
You have reached level 9!
Your experience leads to an increase in your attributes!
Increase (S)trength, (I)ntelligence, or (D)exterity?
You feel stronger. x3
Found 6 javelins.
Found a stone staircase leading down.
Found a rapier.
An ogre comes into view. It is wielding a +0 giant club.
The ogre shouts!
A centaur comes into view.
Found an escape hatch in the ceiling.
A hound comes into view.
You see here 6 javelins.
d - 6 javelins The hound barks!
The centaur shouts!
You hear a shout!
Throw: 6 javelins
Press: ? - help, Q - select action, (/) - cycle Shift-Dir - straight line, f - centaur
Aim: a centaur (67% to hit)
You throw a javelin.
The javelin pierces through the centaur!
The centaur is moderately wounded.
The javelin closely misses the hound.
The centaur wields a +0 orcbow.
The centaur shoots an arrow.
The arrow hits you!
The centaur shoots an arrow.
The arrow closely misses you. The ogre hits you with a +0 giant club!
The hound barely misses you. The ogre hits you with a +0 giant club!
Found 27 gold pieces.
The hound bites you. The hound bites you but does no damage.
The centaur shoots an arrow.
The arrow hits you. The ogre attacks as it pursues you!
The ogre hits you with a +0 giant club!!
* * * LOW HITPOINT WARNING * * *
The hound bites you.
* * * LOW HITPOINT WARNING * * *
The centaur shoots an arrow.
The arrow hits you!
* * * LOW HITPOINT WARNING * * *
It was a potion of magic.
Magic courses through your body. The hound closely misses you.
The centaur shoots an arrow.
The arrow hits you!
You die...

#.#......#####
#...(.#.......##...####
#...#.#.............#.##
$............##....#..#
##.....................
##................##...#
........c..>............
#....h.......##..)).#
#..@O.....#####.)...
#.............###...
#<..#........... #...
.....##...........##.##
.$...# #...........##..
..... ....##..........
.... .....# ..####.####
.... .......##.##.....##
...#.......#


You could see an ogre, a centaur and a hound.

Vanquished Creatures
  An orc warrior (D:7)
  A black bear (D:4)
  2 ogres
  A phantom (D:4)
  3 scorpions (D:5)
  2 necrophages (D:5)
  A water moccasin zombie (D:5)
  2 wights (D:5)
  Dowan (D:5)
  A water moccasin skeleton (D:4)
  A bombardier beetle (D:3)
  4 bullfrog zombies
  A human zombie (D:5)
  2 hounds
  5 orc priests
  2 gnoll boudas
  2 iguanas (D:5)
  2 orc wizards
  2 scorpion zombies (D:4)
  Natasha (thrice) (D:2)
  2 hound zombies
  3 hound skeletons (D:4)
  2 mummies (D:5)
  6 adders
  8 gnolls
  2 adder zombies (D:4)
  2 adder skeletons (D:4)
  A dart slug (D:2)
  13 orcs
  5 endoplasms
  2 giant cockroaches
  5 goblins
  3 hobgoblins
  3 jackals (D:3)
  4 kobolds
  5 quokkas
  4 ball pythons
  A bat (D:1)
  6 frilled lizards
  2 rats
118 creatures vanquished.

Notes
Turn   | Place    | Note
-------+----------+-------------------------------------------
     0 | D:1      | gohu the Troll Gladiator began the quest for the Orb.
     0 | D:1      | Reached XP level 1. HP: 19/19 MP: 0/0
   399 | D:1      | Reached XP level 2. HP: 27/27 MP: 1/1
   649 | D:2      | Noticed Natasha
   659 | D:2      | Killed Natasha
   660 | D:2      | Reached skill level 4 in Unarmed Combat
   660 | D:2      | Reached XP level 3. HP: 27/35 MP: 2/2
   676 | D:2      | Noticed Natasha
   682 | D:2      | Killed Natasha
   761 | D:2      | Identified the +0 pair of gloves of the Forest {Str+3}
   884 | D:2      | Reached XP level 4. HP: 42/42 MP: 3/3
   914 | D:2      | Noticed Natasha
   921 | D:2      | Killed Natasha
   982 | D:2      | Reached skill level 5 in Unarmed Combat
  1028 | D:2      | Found a radiant altar of Vehumet.
  1371 | D:3      | Reached XP level 5. HP: 49/49 MP: 4/4
  1758 | D:5      | Entered Level 5 of the Dungeon
  1767 | D:5      | Reached skill level 6 in Unarmed Combat
  1803 | D:4      | Noticed Edmund
  1862 | D:4      | Reached XP level 6. HP: 57/57 MP: 5/5
  2006 | D:4      | Reached skill level 7 in Unarmed Combat
  2055 | D:4      | Reached XP level 7. HP: 65/65 MP: 6/6
  2209 | D:4      | Reached skill level 8 in Unarmed Combat
  2587 | D:5      | Reached skill level 9 in Unarmed Combat
  2614 | D:5      | Noticed Duvessa
  2651 | D:4      | Reached XP level 8. HP: 58/74 MP: 7/7
  2795 | D:4      | Found Veorueh's Lightly-Used Armoury.
  2810 | D:5      | Found a staircase to the Ecumenical Temple.
  2816 | Temple   | Entered the Ecumenical Temple
  2836 | Temple   | Became a worshipper of Ru the Awakened
  2885 | D:5      | Noticed Dowan
  2890 | D:5      | Killed Dowan
  2994 | D:5      | Reached skill level 10 in Unarmed Combat
  3035 | D:5      | Found Gihietili's Weapon Boutique.
  3128 | D:5      | Found a basalt altar of Yredelemnul.
  3152 | D:5      | Reached skill level 11 in Unarmed Combat
  3330 | D:5      | You are sucked into a shaft and drop 2 floors!
  3366 | D:7      | Found an iron altar of Okawaru.
  3418 | D:7      | Noticed a hornet
  3438 | D:7      | Reached XP level 9. HP: 56/80 MP: 8/8
  3453 | D:7      | Shot with an arrow by a centaur

Illustrated notes

Levels and vault maps discovered:
D:1:      lemuel_arrival_funnel, layout_basic, fountainhead
D:2:      layout_loops_ring, basic_altar, uniq_natasha
D:3:      layout_basic, serial_glass, glass_columns_c, glass_columns_b
D:4:      layout_cave_pods, serial_undead, serial_undead_a, serial_undead_f,
          serial_undead_d, serial_undead_d, serial_undead_f, serial_undead_d,
          minmay_shop_damaged, minmay_misc_feat_iff, uniq_edmund
D:5:      layout_cave_pools, lemuel_mausoleum_altar_yredelemnul,
          minmay_temple_entry_statues_pillars, serial_shops,
          nicolae_shop_gibbet_a_chance, minmay_misc_feat_diagonals,
          nzn_random_ring, uniq_duvessa
D:6:      layout_basic, evilmike_ruin_ashenzari
D:7:      layout_cave_pools, old_standard_altar, serial_gnoll_camp,
          gnoll_camp_mini_loothouse, gnoll_camp_medium_02, gnoll_camp_mini_hut,
          gnoll_camp_mini_shop, gnoll_camp_mini_house, serial_shops,
          nicolae_book_shop_shelving
Temple:   minmay_temple_bridge_d

Skill      XL: |  1  2  3  4  5  6  7  8 |
---------------+-------------------------+-----
Throwing       | 2 |  2.4
Unarmed Combat | 4 5 6 7 9 11 | 11.7
Fighting       | 2 |  2.4
Dodging        | |  2.4

Action                     |  1- 3 |  4- 6 |  7- 9 || total
---------------------------+-------+-------+-------++-------
  Melee: Unarmed           |    41 |   117 |   162 ||   320
         Punch             |     1 |     4 |     8 ||    13
  Throw: Throwing net      |     1 |       |       ||     1
         Stone             |     5 |       |       ||     5
         Large rock        |     2 |       |     5 ||     7
         Javelin           |       |       |     1 ||     1
  Evoke: Wand              |       |       |     1 ||     1
    Use: Scroll            |       |       |     2 ||     2
         Potion            |       |       |     1 ||     1
   Stab: Sleeping          |     2 |     1 |       ||     3
 Armour: Robe              |    19 |    60 |   114 ||   193
  Dodge: Dodged            |    17 |    40 |    60 ||   117
